cohdb
Replays
Latest Replays
All Replays
Popular Replays
Top Player Replays
Match Explorer
How It Works
Community
CoH3 Stats
Reddit
Sign in to upload your games and track your stats! →
Sign in with Steam
Match 39644313
Unlisted
Match 39644313
Overview
Messages
Build Orders
End
Construct Barracks
Engineer Squad
1⁄4-ton 4x4 Truck
Riflemen Squad
Riflemen Squad
Riflemen Squad
Mechanized Support Center
Selects Armored Battlegroup
Selects Fast Deploy
Construct Motor Pool
M16 Multiple Gun Motor Carriage
Construct Medical Station
M1918 Browning Automatic Rifles
Construct Weapon Support Center
M3 Armored Personnel Carrier
Selects M8 Scott SPG
M8 Scott SPG
Genki
dima
0
0
Comments
sign in to comment!
No comments posted yet!